 Dungeon Crawl Stone Soup version 0.31-a0-977-gc230f8ef24 (webtiles) character file.

Game seed: 10470086319966565186

80033 Flugkiller the Frost Mage (level 15, 0/138 HPs)
             Began as a Naga Reaver on Oct 29, 2023.
             Was the Champion of Vehumet.
             Slain by a +2 spectral lajatang (10 damage)
             ... created by Agnes
             ... on level 15 of the Dungeon.
             The game lasted 00:44:45 (22354 turns).

Flugkiller the Frost Mage (Naga Reaver)            Turns: 22354, Time: 00:44:46

Health: 0/138      AC: 18    Str: 18    XL:     15   Next: 65%
Magic:  7/32       EV: 10    Int: 24    God:    Vehumet [******]
Gold:   1630       SH:  0    Dex: 11    Spells: 16/40 levels left

rFire   + . .        X - +1 dire flail
rCold   + . .        (shield currently unavailable)
rNeg    . . .        Q - +3 troll leather armour
rPois   +            T - +2 hood of the Assassin {Detect Stab+ Stlth++}
rElec   .            K - scarf {rC+ rF+}
rCorr   .            B - +2 pair of gloves
SInv    +            (no barding)
Will    +....        c - amulet of regeneration
Stlth   ++++         A - +6 ring of intelligence
HPRegen 2.03/turn    U - ring of the Scavenger {AC+4 Str+2}
MPRegen 0.23/turn

%: no passive effects
@: very slow
A: AC +5, large, see invisible, deformed body, poison resistance, slowness 2,
spit poison 1, naga tail 2
a: Spit Poison, Renounce Religion


You were on level 15 of the Dungeon.
You worshipped Vehumet.
Vehumet was exalted by your worship.
You visited 3 branches of the dungeon, and saw 21 of its levels.
You also visited: Gauntlet.

You collected 1816 gold pieces.
You spent 186 gold pieces at shops.

Inventory:

Hand Weapons
 v - a +0 morningstar
   (You found it on level 4 of the Dungeon)
 V - a +2 flail of protection
   (You found it on level 5 of the Lair of Beasts)
 X - a +1 dire flail (weapon)
   (You took it off a tengu warrior on level 14 of the Dungeon)
Missiles
 L - 4 curare-tipped darts
 P - 2 throwing nets
Armour
 g - a scarf of invisibility
   (You found it on level 1 of the Dungeon)
 y - the +4 skin of Zhor {*Englaciate rC+++ SInv}
   (You found it on level 2 of the Lair of Beasts)

   *Englaciate: It radiates cold, occasionally slowing all nearby creatures who
   are not resistant to cold.
   rC+++:     It renders you almost immune to cold.
   SInv:      It lets you see invisible.
 B - a +2 pair of gloves (worn)
   (You found it on level 2 of the Dungeon)
 K - a scarf of resistance (worn)
   (You found it on level 7 of the Dungeon)
 Q - a +3 troll leather armour (worn)
   (You found it on level 12 of the Dungeon)
 T - the +2 hood of the Assassin (worn) {Detect Stab+ Stlth++}
   (You found it in a Gauntlet)

   Detect:    It allows the wearer to sense nearby creatures.
   Stab+:     It allows the wearer to make particularly effective stabbing
   attacks against helpless or unaware enemies with any weapon.
   Stlth++:   It makes you much more stealthy.
Magical Staves
 j - a staff of conjuration
   (You found it in a Gauntlet)
Jewellery
 c - an amulet of regeneration (around neck)
   (You found it on level 1 of the Dungeon)
 l - an amulet of the acrobat
   (You found it on level 3 of the Dungeon)
 p - a +4 ring of protection
   (You found it on level 3 of the Dungeon)
 A - a +6 ring of intelligence (left hand)
   (You found it on level 5 of the Dungeon)
 R - a ring of fire
   (You found it on level 12 of the Dungeon)
 U - the ring of the Scavenger (right hand) {AC+4 Str+2}
   (You found it in a Gauntlet)

   [ring of protection]

   AC+4:      It affects your AC (+4).
   Str+2:     It affects your strength (+2).
 W - a ring of flight
   (You found it on level 14 of the Dungeon)
Wands
 f - a wand of polymorph (17)
   (You found it in a Gauntlet)
 i - a wand of mindburst (1)
   (You found it on level 3 of the Lair of Beasts)
 G - a wand of charming (24)
   (You found it on level 4 of the Lair of Beasts)
 M - a wand of flame (20)
   (You found it on level 8 of the Dungeon)
 O - a wand of roots (6)
   (You found it on level 9 of the Dungeon)
Scrolls
 a - 7 scrolls of immolation
 b - 4 scrolls of revelation
 e - 2 scrolls of vulnerability
 k - 3 scrolls of fog
 o - a scroll of silence
 s - a scroll of poison
 t - 6 scrolls of teleportation
 u - 7 scrolls of enchant weapon
 x - 5 scrolls of fear
 S - a scroll of amnesia
Potions
 d - 3 potions of might
 h - 3 potions of haste
 m - a potion of magic
 n - a potion of ambrosia
 q - 4 potions of curing
 w - a potion of heal wounds
 D - 3 potions of brilliance
 F - a potion of mutation
 I - 2 potions of attraction
 J - 3 potions of cancellation
 N - 3 potions of lignification
Miscellaneous
 C - a phial of floods
   (You found it in a Gauntlet)
 E - a lightning rod (4/4)
   (You found it in a Gauntlet)
 H - a condenser vane
   (You found it on level 4 of the Lair of Beasts)
 Y - a phantom mirror
   (You found it on level 5 of the Lair of Beasts)


   Skills:
 + Level 10.0 Fighting
 + Level 10.0 Maces & Flails
 - Level 4.0 Dodging
 - Level 4.0 Stealth
 - Level 13.0 Spellcasting
 - Level 12.0 Conjurations
 - Level 1.0 Translocations
 - Level 4.0 Fire Magic
 - Level 14.0 Ice Magic
 - Level 5.0 Evocations


You had 16 spell levels left.
You knew the following spells:

 Your Spells              Type           Power      Damage    Failure   Level
a - Magic Dart            Conj           100%       1d8       1%          1
b - Momentum Strike       Conj/Tloc      92%        3d10      1%          2
c - Hailstorm             Conj/Ice       67%        3d14      1%          3
d - Ozocubu's Refrigerat  Ice            35%        4d15      3%          7
e - Sticky Flame          Conj/Fire      52%        2d7       1%          4
f - Orb of Destruction    Conj           32%        9d10      8%          7

Your spell library contained the following spells:

 Spells                   Type           Power      Damage    Failure   Level
 Yara's Violent Unravell  Hex/Tmut       7%         3d5       30%         5
 Kiss of Death            Conj/Necr      100%       2d13      1%          1
 Sandblast                Erth           30%        2d9       1%          1
 Ensorcelled Hibernation  Hex/Ice        98%        N/A       1%          2
 Summon Ice Beast         Ice/Summ       49%        N/A       2%          4
 Arcjolt                  Conj/Air       22%        1d32      3%          5
 Jinxbite                 Hex            30%        N/A       7%          2
 Wereblood                Tmut           15%        N/A       7%          2
 Gell's Gravitas          Tloc           20%        N/A       9%          3
 Teleport Other           Tloc           20%        N/A       9%          3
 Call Canine Familiar     Summ           15%        N/A       14%         3
 Sigil of Binding         Hex            15%        N/A       14%         3
 Dimensional Bullseye     Hex/Tloc       9%         N/A       36%         4
 Vhi's Electric Charge    Tloc/Air       36%        N/A       36%         4
 Simulacrum               Ice/Necr       24%        N/A       36%         6
 Anguish                  Hex/Necr       7%         N/A       41%         4
 Leda's Liquefaction      Hex/Erth       7%         N/A       41%         4
 Plasma Beam              Fire/Air       12%        2x1d23    58%         6
 Alistair's Intoxication  Tmut/Pois      10%        N/A       77%         5
 Borgnjor's Vile Clutch   Necr/Erth      7%         N/A       77%         5
 Eringya's Noxious Bog    Tmut/Pois      7%         4d6       83%         6
 Dispersal                Tloc           10%        N/A       99%         6


Dungeon Overview and Level Annotations

Branches:
Dungeon (15/15) Zot: 26992  Temple (1/1) D:4 Zot: 5954    Lair (5/5) D:10 Zot: 21256
  Swamp (0/4) Lair:3       Spider (0/4) Lair:2        Slime (0/5) Lair:4
    Orc (0/2) D:11         Vaults (0/5) D:14        Gauntlet (visited)
 Depths: D:15

Altars:
Ashenzari
Cheibriados
Dithmenos
Elyvilon
Fedhas
Gozag
Makhleb
Nemelex Xobeh
Okawaru
Qazlal
Ru
Sif Muna
Trog
Uskayaw
Vehumet
Wu Jian
Xom
Yredelemnul
Zin
The Shining One

Shops:
D:4 ?

Portals:
Abyss: D:4
Trove: D:13 (show slimy rune of Zot)

Annotations:
D:4 2 transporters, Xoff's ghost, amateur GnCj
D:6 1 runed translucent door, Crazy Yiuf
D:8 exclusion: 2 oklob saplings
D:14 1 runed translucent door, Poavur's ghost, journeyman FoFi
D:15 Agnes
Lair:5 exclusion: oklob plant


Innate Abilities, Weirdness & Mutations

Your serpentine skin is tough. (AC +5)
You have supernaturally acute eyesight. (SInv)
Armour fits poorly on your strangely shaped body.
Your system is resistant to poisons. (rPois)
You cover ground very slowly.
You can spit poison.
You can use your snake-like lower body to constrict enemies.


Message History

HP restored.
x - 5 scrolls of fear (gained 1)
N - 3 potions of lignification (gained 1)
You see here a +0 leather armour.
Found a runed translucent door.
You sense a monster nearby.
The spriggan shouts!
Poavur's ghost turns its malevolent gaze towards you.
You hear a shout!
The wolf howls!
The boggart shouts!
Poavur's ghost says, "For all the tithing, I expected a more glorious afterlife than this."
The spriggan hits the fungus with a +0 spear!
The fungus begins to die.
Something hits the plant!
The plant begins to die.
Poavur's ghost hits the fungus!!
The fungus begins to die.
Poavur's ghost hits something!
Poavur's ghost hits the fungus! x2
A nearby fungus withers and dies.
You see here a +0 flail.
Things that are here:
a +0 orcbow; an amulet of regeneration
Things that are here:
a +0 shortbow; a centaur skeleton The spriggan rider shouts!
Poavur's ghost turns its malevolent gaze towards you.
The spriggan shouts!
The spriggan rider shouts!
Key pressed, stopping explore.
Unknown command.
The wolf pauses to sniff the ground.
Key pressed, stopping explore.
Could not explore, unopened runed door.
Could not explore, unopened runed door.
Unknown command.
As you read the scroll of identify, it crumbles to dust.
J - 3 potions of cancellation
Okay, then.
There is a stone staircase leading down here.
You climb downwards.
Found a stone staircase leading up.
There is a stone staircase leading up here.
Agnes is nearby!
Unknown command.
Casting: Ozocubu's Refrigeration (dangerous; 3% risk of failure)
Confirm with . or Enter, or press ? or * to list all spells.
The heat is drained from your surroundings.
Agnes shouts!
Agnes is heavily wounded.
Agnes hits you but does no damage.
The +2 spectral lajatang barely misses you.
A +2 spectral lajatang comes into view.
Casting: Ozocubu's Refrigeration (dangerous; 3% risk of failure)
Confirm with . or Enter, or press ? or * to list all spells.
Aiming: Sticky Flame (safe; 1% risk of failure)
Press: ? - help, Shift-Dir - straight line, f - +2 spectral lajatang
Aim: a +2 spectral lajatang (durably summoned, unstickable)
The sticky flame hits the +2 spectral lajatang.
The +2 spectral lajatang resists.
Agnes shares her spectral weapon's damage!
The +2 spectral lajatang is lightly damaged.
Agnes barely misses you. The +2 spectral lajatang hits you!
Agnes says, "It is my duty to kill you, but also my pleasure."
Agnes closely misses you.
The +2 spectral lajatang hits you but does no damage.
Casting: Sticky Flame (safe; 1% risk of failure)
Confirm with . or Enter, or press ? or * to list all spells.
Aiming: Sticky Flame (safe; 1% risk of failure)
Press: ? - help, Shift-Dir - straight line, f - Agnes, p - +2 spectral lajatang
Aim: Agnes, wielding a +2 spectral lajatang and wearing a +0 robe (heavily wounded)
The sticky flame hits Agnes!
Agnes is heavily wounded.
Agnes is covered in liquid flames!
Agnes burns!
Agnes hits you with a +2 spectral lajatang!!
The +2 spectral lajatang barely misses you.
Casting: Sticky Flame (safe; 1% risk of failure)
Confirm with . or Enter, or press ? or * to list all spells.
The heat is drained from your surroundings.
Agnes is severely wounded.
The +2 spectral lajatang resists.
Agnes shares her spectral weapon's damage!
The +2 spectral lajatang is moderately damaged.
Agnes burns!
Agnes hits you with a +2 spectral lajatang!!
The +2 spectral lajatang hits you.
The +2 spectral lajatang hits you but does no damage.
Agnes hits you with a +2 spectral lajatang!!
The +2 spectral lajatang hits you!
* * * LOW HITPOINT WARNING * * *
The +2 spectral lajatang hits you.
* * * LOW HITPOINT WARNING * * *
Unknown command.
Casting: Ozocubu's Refrigeration (dangerous; 3% risk of failure)
Confirm with . or Enter, or press ? or * to list all spells.
Aiming: Sticky Flame (safe; 1% risk of failure)
Press: ? - help, Shift-Dir - straight line, f/p - Agnes
Aim: Agnes, wielding a +2 spectral lajatang and wearing a +0 robe (almost dead, covered in liquid flames)
The sticky flame hits Agnes.
Agnes is almost dead.
Agnes is covered in liquid flames!
Agnes burns!
Agnes hits you with a +2 spectral lajatang!!
* * * LOW HITPOINT WARNING * * *
The +2 spectral lajatang hits you!
You die...

## ##.######
.#...#...###
...........##^##
...............#
..<....(i#,
.......@##
.......##
....... .......
.######


You could see Agnes (burning) and a +2 spectral lajatang (wandering).

Vanquished Creatures
  Kirke (D:13)
  An ironbound preserver (D:14)
  A minotaur (Gauntlet)
  Snorg (Lair:5)
  Josephine (D:13)
  Fannar (D:9)
  2 catoblepae
  6 hydras
  4 boulder beetles
  5 centaur warriors
  2 two-headed ogres (D:9)
  5 death yaks
  2 tengu warriors (D:14)
  2 thrashing horrors (Gauntlet)
  Urug (D:13)
  A skyshark (Lair:3)
  5 large abominations (D:14)
  An orb spider (Lair:2)
  An arcanist (D:14)
  3 ugly things
  A wolf spider (Lair:5)
  A manticore (D:13)
  A cyclops (D:14)
  12 elephants
  9 black mambas
  A guardian serpent (Lair:5)
  13 cane toads
  3 torpor snails
  7 rime drakes
  3 unseen horrors
  A minotaur zombie (Gauntlet)
  A kobold demonologist (D:11)
  7 komodo dragons
  A tengu conjurer (D:14)
  An efreet (D:14)
  3 trolls
  3 hornets
  14 polar bears
  A raiju (Lair:5)
  8 dream sheep
  16 blink frogs
  2 centaur simulacra (Gauntlet)
  11 slime creatures
  13 wyverns
  3 vampires
  38 yaks
  7 wraiths
  3 basilisks
  A hog (D:13)
  5 vampire mosquitoes
  2 redbacks (Lair:5)
  Menkaure (D:5)
  6 wargs (Lair:5)
  22 water moccasins
  2 acid dragons (D:9)
  14 hell hounds (Lair:5)
  2 orc warriors
  An ice beast (D:7)
  A swamp drake (Lair:3)
  2 sky beasts (D:8)
  14 black bears
  A meliai simulacrum (Gauntlet)
  2 ogres
  23 wolves
  17 centaurs
  A phantom (D:7)
  6 kobold brigands
  11 bullfrogs
  A cane toad simulacrum (Gauntlet)
  A gnoll sergeant (D:5)
  2 scorpions
  8 wights
  7 killer bees (D:9)
  A howler monkey (D:11)
  3 electric eels (D:6)
  2 hounds
  8 orc priests
  A gnoll bouda (D:9)
  9 jellies
  Jessica (D:3)
  11 hell rats
  5 iguanas
  15 orc wizards
  11 small abominations
  12 adders
  8 gnolls
  2 shadow imps
  A white imp (D:5)
  4 ufetubi
  A worm (D:10)
  28 orcs
  3 bats
  13 endoplasms
  2 giant cockroaches
  6 goblins
  4 hobgoblins
  2 jackals (D:4)
  37 kobolds
  A quokka (D:3)
  17 ball pythons
  2 frilled lizards (D:1)
  3 rats
  2 butterflies (Lair:2)
598 creatures vanquished.

Vanquished Creatures (others)
  An alligator (Lair:3)
  A tengu conjurer (D:14)
  An orc wizard (D:8)
3 creatures vanquished.

Grand Total: 601 creatures vanquished

Notes
Turn   | Place    | Note
-------+----------+-------------------------------------------
     0 | D:1      | Flugkiller the Naga Reaver began the quest for the Orb.
     0 | D:1      | Reached XP level 1. HP: 19/19 MP: 3/3
    96 | D:1      | Reached skill level 1 in Stealth
   171 | D:1      | Reached XP level 2. HP: 26/26 MP: 5/5
   621 | D:2      | Reached XP level 3. HP: 19/32 MP: 6/6
   636 | D:2      | Learned a level 2 spell: Momentum Strike
  1451 | D:3      | Reached skill level 1 in Translocations
  1772 | D:3      | Reached XP level 4. HP: 40/40 MP: 7/7
  1948 | D:3      | Noticed Jessica
  1949 | D:3      | Killed Jessica
  2260 | D:3      | Reached XP level 5. HP: 48/49 MP: 8/8
  2289 | D:4      | Found a one-way gate to the infinite horrors of the Abyss.
  2289 | D:4      | Noticed Xoff's ghost (amateur GnCj)
  2302 | D:4      | Found a transporter.
  2302 | D:4      | Found a transporter.
  2302 | D:4      | Noticed a small abomination
  2304 | D:4      | Noticed a small abomination
  2449 | D:4      | Found a staircase to the Ecumenical Temple.
  2576 | Temple   | Entered the Ecumenical Temple
  2581 | Temple   | Learned a level 3 spell: Hailstorm
  2595 | Temple   | Became a worshipper of Vehumet
  2758 | D:4      | Found Bopi Ykk's Magic Scroll Boutique.
  2845 | D:4      | Noticed an ogre
  2875 | D:4      | Killed an ogre
  2876 | D:4      | Reached XP level 6. HP: 57/57 MP: 3/9
  3085 | D:5      | Entered Level 5 of the Dungeon
  3112 | D:5      | Found a shimmering blue altar of Sif Muna.
  3248 | D:5      | Reached XP level 7. HP: 62/64 MP: 11/11
  3252 | D:5      | Reached skill level 5 in Conjurations
  3298 | D:5      | Found a bloodstained altar of Trog.
  3302 | D:5      | Reached skill level 5 in Maces & Flails
  3304 | D:5      | Noticed Menkaure
  3317 | D:5      | Killed Menkaure
  3412 | D:5      | Reached XP level 8. HP: 33/73 MP: 5/12
  3663 | D:5      | Reached * piety under Vehumet
  3663 | D:5      | Offered knowledge of Magic Dart by Vehumet.
  3668 | D:5      | Learned a level 1 spell: Magic Dart
  4190 | D:6      | Reached skill level 1 in Ice Magic
  4416 | D:6      | Found a runed translucent door.
  4417 | D:6      | Noticed Crazy Yiuf
  4746 | D:6      | Reached skill level 5 in Fighting
  4797 | D:6      | Reached skill level 2 in Ice Magic
  5338 | D:6      | Identified the +2 whip of Arexutof {heavy, Fragile rElec
                  | rF- rN+++}
  5659 | D:7      | Reached XP level 9. HP: 82/82 MP: 11/15
  5875 | D:4      | Bought a scroll of enchant weapon for 90 gold pieces
  5875 | D:4      | Bought a scroll of butterflies for 48 gold pieces
  6152 | D:7      | Offered knowledge of Poisonous Vapours by Vehumet.
  6155 | D:7      | Reached skill level 5 in Spellcasting
  6252 | D:7      | Reached ** piety under Vehumet
  6865 | D:8      | Offered knowledge of Static Discharge by Vehumet.
  7265 | D:8      | Found a hide-covered altar of Uskayaw.
  7276 | D:8      | Reached *** piety under Vehumet
  7289 | D:8      | Found an ornate altar of the Wu Jian Council.
  7319 | D:8      | Found a stormy altar of Qazlal.
  7539 | D:8      | Reached XP level 10. HP: 86/94 MP: 14/17
  7573 | D:9      | Noticed a two-headed ogre
  7585 | D:9      | Killed a two-headed ogre
  7600 | D:9      | Offered knowledge of Sticky Flame by Vehumet.
  7713 | D:9      | Learned a level 4 spell: Sticky Flame
  7720 | D:9      | Identified the +0 ring mail "Ilezucemo" {rPois Dex+2}
  7840 | D:9      | Reached skill level 3 in Ice Magic
  7971 | D:9      | Noticed a two-headed ogre
  7976 | D:9      | Killed a two-headed ogre
  8364 | D:9      | Reached skill level 10 in Conjurations
  8745 | D:4      | Bought a scroll of identify for 24 gold pieces
  8745 | D:4      | Bought a scroll of identify for 24 gold pieces
  8882 | D:10     | Entered Level 10 of the Dungeon
  8882 | D:10     | Found a staircase to the Lair.
  8893 | D:10     | Reached skill level 1 in Fire Magic
  8895 | D:10     | Noticed Fannar
  8906 | D:9      | Killed Fannar
  8907 | D:9      | Reached XP level 11. HP: 96/103 MP: 6/21
  9884 | D:10     | Reached **** piety under Vehumet
 10259 | D:10     | Offered knowledge of Arcjolt by Vehumet.
 10293 | D:10     | Found a snail-covered altar of Cheibriados.
 10733 | D:10     | Found a glowing silver altar of Zin.
 10805 | D:11     | Noticed a sun demon
 10919 | D:11     | Noticed a green ugly thing
 10925 | D:11     | Killed a green ugly thing
 11200 | D:11     | Found a staircase to the Orcish Mines.
 12129 | D:12     | Noticed a purple ugly thing
 12137 | D:12     | Killed a purple ugly thing
 12234 | D:12     | Reached XP level 12. HP: 108/110 MP: 25/25
 12238 | D:12     | Reached ***** piety under Vehumet
 12248 | D:12     | Offered knowledge of Ozocubu's Refrigeration by Vehumet.
 12258 | D:12     | Learned a level 7 spell: Ozocubu's Refrigeration
 12481 | D:14     | Identified the of Nacinnot
 12481 | Lair:1   | Entered Level 1 of the Lair of Beasts
 12560 | Lair:1   | Found a gate leading to a gauntlet.
 12566 | Lair:1   | Noticed a boulder beetle
 12569 | Gauntlet | Entered a Gauntlet
 12569 | Gauntlet | Found a transporter.
 12569 | Gauntlet | Found a large runed translucent door.
 12569 | Gauntlet | Found a large runed translucent door.
 12569 | Gauntlet | Found a large runed translucent door.
 12569 | Gauntlet | Found a large runed translucent door.
 12569 | Gauntlet | Found a runed translucent door.
 12569 | Gauntlet | Found a runed translucent door.
 12569 | Gauntlet | Found a large runed translucent door.
 12569 | Gauntlet | Found a large runed translucent door.
 12569 | Gauntlet | Found a large runed translucent door.
 12569 | Gauntlet | Found a large runed translucent door.
 12569 | Gauntlet | Found a large runed translucent door.
 12569 | Gauntlet | Found a large runed translucent door.
 12570 | Gauntlet | Found a large runed translucent door.
 12570 | Gauntlet | Found a large runed translucent door.
 12579 | Gauntlet | Found a transporter.
 12594 | Gauntlet | Found a transporter.
 12599 | Gauntlet | Found a transporter.
 12602 | Gauntlet | Noticed a thrashing horror
 12608 | Gauntlet | Noticed a thrashing horror
 12614 | Gauntlet | Found a transporter.
 12614 | Gauntlet | Found the +2 hood of the Assassin {Detect Stab+ Stlth++}
 12633 | Gauntlet | Found a transporter.
 12641 | Gauntlet | Noticed a thrashing horror
 12642 | Gauntlet | Noticed a thrashing horror
 12645 | Gauntlet | Found a transporter.
 12657 | Gauntlet | Found a transporter.
 12669 | Gauntlet | Found a transporter.
 12681 | Gauntlet | Found a transporter.
 12688 | Gauntlet | Noticed a reaper
 12698 | Gauntlet | Found a transporter.
 12698 | Gauntlet | Found a transporter.
 12740 | Gauntlet | Found a transporter.
 12762 | Gauntlet | Found a transporter.
 12839 | Gauntlet | Found a transporter.
 12839 | Gauntlet | Noticed a catoblepas
 12857 | Gauntlet | Found a large runed translucent door.
 12858 | Gauntlet | Found a large runed translucent door.
 12862 | Gauntlet | Found a runed translucent gate.
 12862 | Gauntlet | Found a runed translucent gate.
 12862 | Gauntlet | Found a runed translucent gate.
 12864 | Gauntlet | Found a transporter.
 12866 | Gauntlet | Found a transporter.
 12872 | Gauntlet | Found a large runed translucent door.
 12873 | Gauntlet | Found a large runed translucent door.
 12935 | Gauntlet | Reached skill level 4 in Ice Magic
 12935 | Gauntlet | Found a transporter.
 13146 | Gauntlet | Killed a thrashing horror
 13170 | Gauntlet | Reached skill level 10 in Spellcasting
 13172 | Gauntlet | Killed a thrashing horror
 13173 | Gauntlet | Reached skill level 5 in Ice Magic
 13191 | Gauntlet | Identified the ring of the Scavenger {AC+4 Str+2}
 13273 | Gauntlet | Noticed a minotaur
 13297 | Gauntlet | Killed a minotaur
 13298 | Gauntlet | Reached skill level 6 in Ice Magic
 13456 | Lair:1   | Killed a boulder beetle
 13629 | Lair:1   | Reached skill level 7 in Ice Magic
 13699 | Lair:1   | Noticed a catoblepas
 13787 | Lair:1   | Killed a catoblepas
 14194 | Lair:2   | Reached skill level 8 in Ice Magic
 14210 | Lair:2   | Noticed a five-headed hydra
 14226 | Lair:2   | Killed a five-headed hydra
 14356 | Lair:2   | Reached skill level 9 in Ice Magic
 14446 | Lair:2   | Found a hole to the Spider Nest.
 14605 | Lair:2   | Reached skill level 10 in Ice Magic
 14605 | Lair:2   | Gained mutation: You can use your snake-like lower body to
                  | constrict enemies. [Naga growth]
 14605 | Lair:2   | Reached XP level 13. HP: 102/117 MP: 7/27
 14822 | Lair:2   | Identified the +4 scale mail "Jiygemat" {*Slow SInv Stlth+}
 15191 | Lair:2   | Reached skill level 11 in Ice Magic
 15210 | Lair:2   | Found the +4 skin of Zhor {*Englaciate rC+++ SInv}
 15717 | Lair:3   | Found a staircase to the Swamp.
 15743 | Lair:3   | Found a broken altar of Ashenzari.
 15903 | Lair:3   | Reached skill level 12 in Ice Magic
 15955 | Lair:3   | Offered knowledge of Olgreb's Toxic Radiance by Vehumet.
 16080 | Lair:3   | You fall into a shaft and drop 2 floors!
 16080 | Lair:5   | Entered Level 5 of the Lair of Beasts
 16233 | Lair:4   | Found a staircase to the Slime Pits.
 16262 | Lair:4   | Noticed Sonja
 16370 | Lair:4   | Reached skill level 13 in Ice Magic
 16599 | Lair:4   | Sonja changed into Sonja the basilisk
 16599 | Lair:4   | Noticed Sonja
 16606 | Lair:4   | Killed Sonja the basilisk
 16673 | Lair:4   | Reached skill level 14 in Ice Magic
 16713 | Lair:4   | Reached skill level 1 in Evocations
 17141 | Lair:4   | Reached XP level 14. HP: 122/126 MP: 25/28
 17719 | Lair:5   | Reached skill level 5 in Evocations
 17719 | Lair:5   | Offered knowledge of Orb of Destruction by Vehumet.
 17764 | Lair:4   | Learned a level 7 spell: Orb of Destruction
 17931 | Lair:5   | Noticed Snorg
 17938 | Lair:5   | Killed Snorg
 18510 | Lair:5   | Reached skill level 10 in Fighting
 19332 | Lair:4   | Offered knowledge of Yara's Violent Unravelling by Vehumet.
 19467 | Lair:5   | Reached XP level 15. HP: 138/138 MP: 29/29
 19733 | Lair:5   | Reached skill level 10 in Maces & Flails
 20454 | D:13     | Noticed Josephine
 20470 | D:13     | Killed Josephine
 20694 | D:13     | Noticed Kirke
 20700 | D:13     | Killed Kirke
 20854 | D:13     | Noticed Urug
 20864 | D:13     | Found a portal to a secret trove of treasure.
 20878 | D:13     | Killed Urug
 21461 | D:14     | Identified the staff "Fexotif" {rElec rPois rF+++ rC- Int+2
                  | Poison}
 21596 | D:14     | Found a gate to the Vaults.
 21977 | D:14     | Reached ****** piety under Vehumet
 22184 | D:14     | Found a runed translucent door.
 22184 | D:14     | Identified the +7 spear "Feroteh" {drain, rPois rF+ Will+
                  | Int+5}
 22188 | D:14     | Noticed Poavur's ghost (journeyman FoFi)
 22348 | D:15     | Entered Level 15 of the Dungeon
 22348 | D:15     | Noticed Agnes
 22354 | D:15     | Slain by a +2 spectral lajatang

Illustrated notes

Levels and vault maps discovered:
D:1:      lightli_arrival_boilingwater, layout_rooms
D:2:      layout_basic
D:3:      layout_loops_corners, nicolae_overflow_hidden_temple, uniq_jessica
D:4:      layout_loops_ring, minmay_temple_entry_proselytizer,
          gammafunk_ghost_abyssal_escape, serial_shops, shop,
          serial_park_tiny_pond
D:5:      layout_gridville, mainiacjoe_overflow_boulevard,
          kennysheep_orc_sif_temple, hangedman_decor_opposing, uniq_menkaure
D:6:      wad_lake_hut, layout_basic, uniq_crazy_yiuf_cottage
D:7:      layout_cave_pools, nrook_loot_triangle
D:8:      layout_cave_pools, mainiacjoe_overflow_big_doors, serial_park,
          serial_park_square2, serial_park_gazebo [serial_park_minivault_5x5_8],
          serial_park_tiny_pond, serial_park_square2, serial_park_tiny_2,
          dk_vineyard_3, introduction_to_nature_1
D:9:      layout_basic, st_stairs_3
D:10:     layout_loops_ring, zin_treasury, cheibrodos_worm_habitat,
          minmay_lair_entry_grove, uniq_fannar
D:11:     lemuel_slime, layout_loops_ring, orc_0_dummy
D:12:     layout_long_grid, kennysheep_another_room
D:13:     layout_stronghold, enter_trove_0, uniq_urug, uniq_josephine,
          uniq_kirke
D:14:     layout_big_octagon, skrybe_vaults_entry_preservation,
          minmay_tree_intersection, ebering_ghost_funeral_grove, laboratory
D:15:     hellmonk_depths_entry_around_the_bend, layout_cave_pools,
          gammafunk_ghost_smash, uniq_louise, uniq_agnes
Temple:   eino_narrow_crystal_temple
Lair:1:   layout_cave_shapes, gauntlet_entry_generic, enter_volcano_1,
          serial_bayou_pond_c, nicolae_quartered_pool_little,
          infiniplex_staircase_pool_2
Lair:2:   layout_small_grid, nicolae_spider_entry_orb_guardian,
          hellmonk_guarded_unrand_zhor, lemuel_fruit_fields
Lair:3:   gammafunk_indiana_jones, layout_cave_pods,
          mainiacjoe_swamp_entry_lozenge_pond, basic_altar,
          chequers_serial_rivers_room_a
Lair:4:   cheibrodos_lair_river_kwai, layout_regular_city, slime_entry_1,
          uniq_sonja
Lair:5:   hangedman_lair_caniforms_friends, layout_cave_pods,
          hangedman_lair_tendril_chambers, hellmonk_talismancer,
          serial_bayou_shore_b, grunt_megastairs_2, lemuel_fruit_tree,
          uniq_snorg

Skill      XL: |  1  2  3  4  5  6  7  8  9 10 11 12 13 14 15 |
---------------+----------------------------------------------+-----
Stealth        | 2 3 4 |  4.0
Conjurations   | 4 5 6 8 10 11 12 | 12.0
Translocations | 1 |  1.0
Fighting       | 3 4 6 7 8 10 | 10.0
Maces & Flails | 4 6 7 8 9 10 | 10.0
Spellcasting   | 3 4 5 6 9 10 13 | 13.0
Ice Magic      | 2 3 10 14 | 14.0
Fire Magic     | 2 4 |  4.0
Evocations     | 3 5 |  5.0
Dodging        | 4 |  4.0

Action                     |  1- 3 |  4- 6 |  7- 9 | 10-12 | 13-15 || total
---------------------------+-------+-------+-------+-------+-------++-------
  Melee: Mace              |    69 |    13 |       |       |       ||    82
         Flail             |     5 |       |       |       |   188 ||   193
         Punch             |     1 |       |     3 |     6 |    19 ||    29
         Morningstar       |       |    67 |   204 |   422 |   643 ||  1336
         Constrict         |       |       |       |       |   157 ||   157
         Dire flail        |       |       |       |       |    48 ||    48
   Cast: Momentum Strike   |     1 |     2 |    15 |    16 |     3 ||    37
         Hailstorm         |       |     1 |    15 |    65 |    40 ||   121
         Magic Dart        |       |       |   210 |    95 |    80 ||   385
         Sticky Flame      |       |       |       |    68 |    90 ||   158
         Ozocubu's Refrige |       |       |       |       |    50 ||    50
Ability: Spit Poison       |    16 |    19 |    18 |     9 |       ||    62
  Evoke: Wand              |       |       |       |     4 |     2 ||     6
         Lightning rod     |       |       |       |     1 |     4 ||     5
         Phial of floods   |       |       |       |     1 |       ||     1
         Condenser vane    |       |       |       |       |     1 ||     1
    Use: Scroll            |     4 |     2 |     7 |    14 |    12 ||    39
         Potion            |       |       |     1 |     3 |     4 ||     8
   Stab: Sleeping          |     1 |     3 |       |     2 |     7 ||    13
         Distracted        |       |     1 |       |       |       ||     1
 Armour: Leather armour    |    38 |       |       |       |       ||    38
         Robe              |    32 |    71 |   243 |   352 |       ||   698
         Troll leather arm |       |       |       |   389 |  1528 ||  1917
         Skin              |       |       |       |     4 |       ||     4
  Dodge: Dodged            |    42 |    54 |   123 |   325 |   683 ||  1227

Table legend: (Time is in decaauts)
 A = Elapsed time spent in this place.
 B = Non-inter-level travel time spent in this place.
 C = Inter-level travel time spent in this place.
 D = Time resting spent in this place.
 E = Time spent auto-exploring this place.
 F = Levels seen in this place.
 G = Mean time per level.
                   A        B        C        D        E       F      G
               +--------+--------+--------+--------+--------+-----+--------+
         Total |  28462 |  26701 |   1761 |   4335 |  15559 |  22 | 1293.7 |
       Dungeon |  18630 |  17293 |   1337 |   2606 |  10890 |  15 | 1242.0 |
        Temple |     46 |      7 |     39 |      0 |      0 |   1 |   46.0 |
          Lair |   8743 |   8358 |    385 |   1490 |   4256 |   5 | 1748.6 |
      Gauntlet |   1041 |   1041 |      0 |    239 |    413 |   1 | 1041.0 |
               +--------+--------+--------+--------+--------+-----+--------+

Top non-repeatable levels by time:
  Lair:5: 2924 daAuts
     D:9: 2472 daAuts
  Lair:4: 2225 daAuts
     D:6: 1975 daAuts
     D:5: 1605 daAuts
  Lair:2: 1490 daAuts
    D:10: 1441 daAuts
    D:14: 1389 daAuts
     D:2: 1355 daAuts
     D:8: 1243 daAuts
    D:12: 1230 daAuts
     D:3: 1155 daAuts
     D:4: 1151 daAuts
  Lair:1: 1084 daAuts
    D:13: 1076 daAuts
